[Event "Team 45 45 League T32"]
[Site "Internet Chess Club"]
[Date "2007.01.31"]
[Round "3"]
[White "hondocando"]
[Black "billscotty"]
[Result "0-1"]
[WhiteElo "1630"]
[BlackElo "1692"]
[ECO "C26"]
[TimeControl "2700+45"]

1. e4 e5 2. Nc3 Nf6 3. d3 Bc5 4. Na4 Bb4+ 5. Bd2 Bxd2+ 6. Qxd2 O-O 7. f4 exf4 8.
Qxf4 d6 9. Be2 Nc6 10. Nf3 Bg4 11. O-O-O Bxf3 12. gxf3 Nd4 13. Qe3 c5 14. Nc3
Re8 15. Rhg1 b5 16. Bf1 b4 17. Ne2 Nd5 18. Qh6 Qf6 19. Qxf6 Nxf6 20. Nxd4 cxd4
21. f4 Nh5 22. f5 Re5 23. Rg5 Nf6 24. Be2 Rc8 25. Rdg1 g6 26. h4 Rec5 27. Bd1
Kf8 28. fxg6 hxg6 29. Rxc5 Rxc5 30. Rf1 Nd7 31. Bg4 Ne5 32. Be2 a5 33. b3 d5 34.
Rf4 dxe4 35. Rxe4 Rd5 36. Kd2 Kg7 37. Ke1 f5 38. Rf4 Nc6 39. Bf3 Rc5 40. Kd2 Ne5
41. Bg2 Nc6 42. Bxc6 Rxc6 43. Rxd4 Kh6 44. Rc4 Ra6 45. d4 Rd6 46. Ke3 Kh5 47.
Rc5 Kxh4 48. Rxa5 Kg3 49. Re5 f4+ 50. Ke4 f3 51. Ke3 Rf6 52. Rg5+ Kh4 53. Rg1 f2
54. Rf1 Kg3 55. d5 Rf5 56. a4 Kg2 57. Rxf2+ Rxf2 58. a5 Rxc2 59. Kd4 Ra2 60. Kc5
Rxa5+ 61. Kc6 Kf3 62. d6 Ke4 63. d7 Rd5 64. Kc7 g5 65. d8=Q Rxd8 {White resigns}
0-1

[Event "Team 45 45 League T32"]
[Site "Internet Chess Club"]
[Date "2007.02.03"]
[Round "3"]
[White "joshtournman"]
[Black "herbertfaria"]
[Result "1/2-1/2"]
[WhiteElo "1456"]
[BlackElo "1666"]
[ECO "C50"]
[TimeControl "2700+45"]

1. e4 e5 2. Nf3 Nc6 3. Bc4 Bc5 4. O-O Nf6 5. Nc3 O-O 6. Re1 Re8 7. d3 h6 8. a3
Bf8 9. Be3 d6 10. h3 a6 11. b4 b5 12. Bb3 Bb7 13. Nd5 Nb8 14. a4 Nbd7 15. axb5
axb5 16. Rxa8 Bxa8 17. c4 Nxd5 18. exd5 Qb8 19. c5 dxc5 20. bxc5 c6 21. d6 Qd8
22. Bd2 Nxc5 23. Nxe5 Ne6 24. d7 Re7 25. Bb4 c5 26. Bd2 Qb6 27. Qg4 Nd8 28. Bc3
Bc6 29. Nxc6 Rxe1+ 30. Bxe1 Qxc6 31. Ba5 Be7 32. Bxd8 Bxd8 33. Qf5 c4 34. dxc4
bxc4 35. Bc2 g6 36. Qe4 Qxe4 37. Bxe4 Kf8 38. Bc6 Ke7 39. Ba4 Kd6 40. Kf1 Kc5
41. Ke2 Kb4 42. Bc6 Kc5 43. Ba4 Kd4 44. Kd2 f5 45. Bc2 Ba5+ 46. Ke2 Ke5 47. g4
fxg4 48. hxg4 Kf4 49. Bxg6 Kxg4 50. Bf7 c3 51. Kd3 Kf3 52. d8=Q Bxd8 53. Kxc3
Kxf2 54. Bd5 h5 {Game drawn by mutual agreement} 1/2-1/2

[Event "Team 45 45 League T32"]
[Site "Internet Chess Club"]
[Date "2007.02.03"]
[Round "3"]
[White "BigNEazy"]
[Black "DTK"]
[Result "1-0"]
[WhiteElo "2205"]
[BlackElo "2143"]
[ECO "A31"]
[TimeControl "2700+45"]

1. Nf3 Nf6 2. d4 c5 3. c4 cxd4 4. Nxd4 e5 5. Nb5 d5 6. cxd5 Bc5 7. N5c3 O-O 8.
h3 e4 9. g4 Qe7 10. Bg2 e3 11. fxe3 Bxe3 12. Bxe3 Qxe3 13. Qd3 Qxd3 14. exd3 Na6
15. Na3 Re8+ 16. Kd2 Rb8 17. Nab5 Bd7 18. Nxa7 Red8 19. g5 Nh5 20. Rhf1 Ng3 21.
Rfe1 Nf5 22. Nab5 Nh4 23. Be4 Nc5 24. Nd4 Ng6 25. Re3 Nf4 26. Rh1 Rbc8 27. h4
Nh5 28. Rf1 Re8 29. Ndb5 Rcd8 30. Nc7 Rf8 31. b4 Na6 32. Nxa6 bxa6 33. Bf5 g6
34. Bxd7 Rxd7 35. Re5 f5 36. Re6 Ra8 37. Ke3 Ng7 38. Rc6 Ne8 39. Kd4 Nc7 40. Re1
Nb5+ 41. Nxb5 axb5 42. d6 Rxa2 43. Kc5 Ra8 44. Rc7 Rdd8 45. Ree7 Rac8 46. Kc6 f4
47. d7 Ra8 48. Re4 Rf8 49. Rxf4 Rfd8 50. Kxb5 {Black resigns} 1-0

[Event "Team 45 45 League T32"]
[Site "Internet Chess Club"]
[Date "2007.02.04"]
[Round "3"]
[White "Nomad"]
[Black "upturnedcircle"]
[Result "1-0"]
[WhiteElo "1976"]
[BlackElo "1949"]
[ECO "C16"]
[TimeControl "2700+45"]

1. e4 e6 2. d4 d5 3. Nc3 Bb4 4. e5 Ne7 5. Bd3 c5 6. a3 Bxc3+ 7. bxc3 Bd7 8. Nf3
Ba4 9. O-O Qc7 10. Rb1 Nd7 11. Bg5 f6 12. exf6 gxf6 13. Bh4 c4 14. Be2 Nf5 15.
Re1 O-O-O 16. Bf1 Rde8 17. Rb4 Bc6 18. g3 Nxh4 19. Nxh4 e5 20. Nf5 Rhg8 21. Bh3
Kb8 22. Qa1 Rg5 23. a4 Nf8 24. Qa3 Ka8 25. Ne3 Qd6 26. Rb3 Qxa3 27. Rxa3 Ne6 28.
Bg2 exd4 29. f4 dxe3 30. fxg5 Nxg5 31. Re2 Kb8 32. a5 Kc7 33. Ra1 d4 34. cxd4
Bxg2 35. Kxg2 Kc6 36. h4 Nf7 37. Kf3 Nd6 38. c3 Nb5 39. Rc1 Kd5 40. Rxe3 Rxe3+
41. Kxe3 Nd6 42. Rf1 Ne4 43. Rf5+ {Black resigns} 1-0

[Event "Team 45 45 League T32"]
[Site "Internet Chess Club"]
[Date "2007.02.04"]
[Round "3"]
[White "DocHoliday"]
[Black "azbycx"]
[Result "0-1"]
[WhiteElo "1956"]
[BlackElo "2015"]
[ECO "B29"]
[TimeControl "2700+45"]

1. e4 c5 2. Nf3 Nf6 3. e5 Nd5 4. Bc4 e6 5. Bxd5 exd5 6. d4 d6 7. O-O Be7 8. exd6
Qxd6 9. dxc5 Qxc5 10. Be3 Qc7 11. Qxd5 O-O 12. Qd2 Rd8 13. Qc1 Bg4 14. Nbd2 Nc6
15. c3 Rd7 16. Qc2 Rad8 17. Rac1 b6 18. h3 Bh5 19. a3 Ne5 20. Nxe5 Qxe5 21. Bd4
Qf4 22. Nc4 Rc8 23. Qb3 Be2 24. Ne3 Bxf1 25. Kxf1 Rxd4 {White resigns} 0-1

[Event "Team 45 45 League T32"]
[Site "Internet Chess Club"]
[Date "2007.02.03"]
[Round "3"]
[White "YoniK"]
[Black "Legal"]
[Result "0-1"]
[WhiteElo "2110"]
[BlackElo "2053"]
[ECO "A57"]
[TimeControl "2700+45"]

1. d4 Nf6 2. c4 c5 3. d5 b5 4. cxb5 a6 5. b6 d6 6. Nc3 Nbd7 7. Nf3 g6 8. Bg5 Bg7
9. Qd2 h6 10. Bf4 g5 11. Be3 Nxb6 12. h4 Nc4 13. Qc1 g4 14. Nh2 Rb8 15. Rb1 Bf5
16. b3 Nxe3 17. Qxe3 Bxb1 18. Nxb1 Nxd5 19. Qe4 Qa5+ 20. Nd2 Qxa2 21. Qxd5 Qa1+
22. Nb1 Qxb1+ 23. Kd2 Qb2+ 24. Kd1 Bc3 {White resigns} 0-1

[Event "Team 45 45 League T32"]
[Site "Internet Chess Club"]
[Date "2007.02.02"]
[Round "3"]
[White "steve"]
[Black "blackcatdillac"]
[Result "1-0"]
[WhiteElo "1998"]
[BlackElo "1937"]
[ECO "C02"]
[TimeControl "2700+45"]

1. e4 e6 2. d4 d5 3. e5 c5 4. c3 Nc6 5. Nf3 Qb6 6. Bd3 cxd4 7. cxd4 Bd7 8. O-O
Nxd4 9. Nxd4 Qxd4 10. Nc3 a6 11. Be3 Qxe5 12. Re1 Nf6 13. Qf3 Bc6 14. Bb6 Qh5
15. Qf4 Qg4 16. Qe5 Qb4 17. Qe3 Bd6 18. g3 Ng4 19. Qg5 Qxb6 20. Qxg4 O-O 21. Qh3
h6 22. Re2 Rae8 23. Rae1 Re7 24. Nd1 Bb4 25. Rf1 Qd4 26. Re3 e5 27. Nc3 e4 28.
Ne2 Qf6 29. Bb1 d4 30. Rb3 Bc5 31. Nf4 Rd8 32. Qh5 g5 33. g4 Qxf4 34. Qxh6 Bb5
35. Rh3 Qxg4+ 36. Rg3 Qxg3+ 37. hxg3 Rd5 38. Re1 Rde5 39. Kg2 d3 40. Rh1 f6 41.
Qxf6 Rg7 42. Qxe5 e3 43. Bxd3 Bxd3 44. Qd5+ Kf8 45. Qxc5+ {Black resigns} 1-0

[Event "Team 45 45 League T32"]
[Site "Internet Chess Club"]
[Date "2007.02.02"]
[Round "3"]
[White "Terte"]
[Black "chsrules88"]
[Result "1/2-1/2"]
[WhiteElo "1991"]
[BlackElo "2046"]
[ECO "C50"]
[TimeControl "2700+45"]

1. e4 e5 2. Nf3 Nc6 3. Bc4 Bc5 4. O-O Nf6 5. d4 Bxd4 6. Nxd4 Nxd4 7. Bg5 d6 8.
f4 Bg4 9. Bxf6 Bxd1 10. Bxd8 Rxd8 11. Rxd1 Nxc2 12. Nc3 Nxa1 13. Rxa1 c6 14. g3
O-O 15. Rd1 Rfe8 16. a3 g6 17. Kf2 Kg7 18. Bd3 a6 19. Bc2 f6 20. Kf3 g5 21. Bb3
h5 22. h3 b6 23. Rd2 b5 24. Nd1 a5 25. Ne3 a4 26. Ba2 Kg6 27. fxg5 fxg5 28. g4
hxg4+ 29. hxg4 c5 30. Nf5 b4 31. Bc4 Rh8 32. Kg2 Rh7 33. Bb5 Rb7 34. Bxa4 bxa3
35. bxa3 Ra7 36. Bb3 Rxa3 37. Bd5 Ra7 38. Rf2 Rf8 39. Nxd6 Rf4 40. Be6 Kf6 41.
Bf5 Rxf2+ 42. Kxf2 Ra4 43. Ke2 Rd4 44. Nb5 Rb4 45. Nc3 Kf7 46. Kd3 Rd4+ 47. Kc2
Rc4 48. Kb3 Rb4+ 49. Kc2 Rc4 50. Bd7 Ke7 51. Bc6 Kd6 52. Bd5 Rb4 53. Ne2 Ra4 54.
Ng1 Ra3 55. Bb3 c4 56. Bxc4 Rg3 57. Ne2 Rxg4 58. Kd3 Rh4 59. Ke3 g4 60. Kf2 Rh3
61. Ng3 Kc5 62. Be6 Rh2+ 63. Kg1 Rh3 64. Kg2 Kd4 65. Bf5 Ke3 66. Nf1+ Kf4 67.
Nh2 Rd3 68. Nf1 g3 69. Bg6 Rc3 70. Bf5 Rc2+ 71. Kg1 g2 72. Nh2 Kg3 73. Nf1+
gxf1=R+ 74. Kxf1 Kf3 75. Ke1 Re2+ 76. Kd1 Rxe4 77. Bxe4+ Kxe4 78. Ke2 Kd4 79.
Kd2 Ke4 80. Ke2 Kf4 81. Kf2 e4 82. Ke2 Kf5 83. Ke3 Ke5 84. Ke2 Kd5 85. Ke3 Ke5
86. Ke2 Kd4 87. Kd2 Kd5 88. Ke3 Ke5 {Game drawn by repetition} 1/2-1/2

[Event "Team 45 45 League T32"]
[Site "Internet Chess Club"]
[Date "2007.02.03"]
[Round "3"]
[White "viking99"]
[Black "Factor-Pavez"]
[Result "1-0"]
[WhiteElo "1828"]
[BlackElo "1927"]
[ECO "C96"]
[TimeControl "2700+45"]

1. e4 e5 2. Nf3 Nc6 3. Bb5 a6 4. Ba4 Be7 5. O-O b5 6. Bb3 d6 7. Re1 Nf6 8. c3
O-O 9. h3 Na5 10. Bc2 c5 11. d4 Nc6 12. a4 Bb7 13. d5 Nb8 14. Be3 Nbd7 15. a5
Re8 16. Nbd2 Rc8 17. b3 Bf8 18. Nf1 g6 19. Ng3 Bg7 20. Qd2 Qc7 21. Nh2 h5 22.
Bh6 Nf8 23. Nf5 gxf5 24. Qg5 Ng6 25. exf5 Nh7 26. Qxh5 Nf4 27. Bxf4 exf4 28. Ng4
Bxd5 29. f6 Nxf6 30. Nxf6+ Bxf6 31. Bh7+ Kf8 32. Qxd5 Re5 33. Rxe5 Bxe5 34. Bf5
Rb8 35. h4 Ke7 36. Re1 Rh8 37. g3 Rg8 38. g4 Kf6 39. Qe4 Kg7 40. Rc1 Qe7 41. g5
Rh8 42. Qh1 f3 43. Re1 Qc7 44. h5 Bxc3 45. h6+ Kf8 46. Re3 Bd2 47. g6 fxg6 48.
Bxg6 Bxe3 49. Qxf3+ Ke7 50. Qf7+ Kd8 51. Qf6+ Qe7 52. Qxh8+ Kd7 53. Bf5+ {Black
resigns} 1-0

[Event "Team 45 45 League T32"]
[Site "Internet Chess Club"]
[Date "2007.02.01"]
[Round "3"]
[White "NESKAYA"]
[Black "HoHo"]
[Result "1-0"]
[WhiteElo "1725"]
[BlackElo "1734"]
[ECO "B50"]
[TimeControl "2700+45"]

1. e4 c5 2. Nf3 d6 3. c3 Nf6 4. Be2 Nxe4 5. Qa4+ Nc6 6. Qxe4 g6 7. Bb5 Qc7 8.
O-O Bf5 9. Bxc6+ bxc6 10. Qe3 Bg7 11. d4 cxd4 12. Nxd4 Bd7 13. Nd2 c5 14. Ne2 e6
15. Nf3 O-O 16. Qd3 Rab8 17. b3 Bb5 18. Qc2 Bxe2 19. Qxe2 Bxc3 20. Bb2 Bxb2 21.
Qxb2 d5 22. Rac1 Qb6 23. Ne5 Rfd8 24. Qc3 Rbc8 25. Qf3 Qc7 26. Qf6 Qb7 27. Ng4
h5 28. Nh6+ Kf8 29. Qh8+ Ke7 30. Qg7 Rf8 31. g4 Qa8 32. Rfe1 Qb8 33. gxh5 gxh5
34. Qg5+ Kd7 35. Qf6 Kc6 36. Nxf7 Rc7 37. Rxe6+ Kb5 38. Nd6+ Kb6 39. Ne8+ {Black
resigns} 1-0

[Event "Team 45 45 League T32"]
[Site "Internet Chess Club"]
[Date "2007.02.02"]
[Round "3"]
[White "quotha"]
[Black "ogoon"]
[Result "1-0"]
[WhiteElo "1622"]
[BlackElo "1634"]
[ECO "D03"]
[TimeControl "2700+45"]

1. d4 d5 2. Nf3 Nf6 3. Bg5 c6 4. e3 Bf5 5. c4 dxc4 6. Bxc4 b5 7. Be2 Ne4 8. Bf4
e6 9. O-O Bd6 10. Bxd6 Qxd6 11. Nbd2 O-O 12. Rc1 Nd7 13. Nxe4 Bxe4 14. Ng5 Nf6
15. f3 Bg6 16. Bd3 Bxd3 17. Qxd3 h6 18. Nh3 e5 19. Rc5 exd4 20. Rfc1 Rac8 21.
Qxd4 Rfd8 22. Qxd6 Rxd6 23. R1c2 Nd7 24. Rxb5 cxb5 25. Rxc8+ Kh7 26. Rc2 Rd3 27.
e4 a5 28. Nf4 Rd6 29. Nd5 f5 30. Kf2 fxe4 31. fxe4 Ne5 32. h3 b4 33. Ke3 Ng6 34.
b3 Nh4 35. g3 Nf5+ 36. exf5 Rxd5 37. Ke4 Rb5 38. g4 Kg8 39. Kd4 Rb7 40. Rc5 Ra7
41. Ke4 Kf7 42. Kf4 Ra6 43. h4 a4 44. Rb5 axb3 45. axb3 Ra1 46. Rxb4 Rh1 47.
Rb7+ Kf6 48. g5+ hxg5+ 49. hxg5# {Black checkmated} 1-0

[Event "Team 45 45 League T32"]
[Site "Internet Chess Club"]
[Date "2007.02.04"]
[Round "3"]
[White "MarcoDeSade"]
[Black "jacknor"]
[Result "1-0"]
[WhiteElo "1433"]
[BlackElo "1544"]
[ECO "B21"]
[TimeControl "2700+45"]

1. e4 c5 2. d4 cxd4 3. c3 dxc3 4. Nxc3 Nc6 5. Nf3 d6 6. Bc4 e6 7. O-O Nf6 8. Bg5
Be7 9. Qe2 O-O 10. Rfd1 Qc7 11. Rac1 a6 12. a3 Ng4 13. h3 Nge5 14. Bxe7 Qxe7 15.
Ba2 b5 16. b3 Bb7 17. b4 Rfd8 18. Rd2 Rac8 19. Nxe5 Nxe5 20. Rdc2 Ng6 21. Qe3
Qh4 22. f3 Qf4 23. Nd1 Qxe3+ 24. Nxe3 Rxc2 25. Rxc2 Rc8 26. Rxc8+ Bxc8 27. Kf2
Kf8 28. g3 Ke7 29. Nc2 Bb7 30. Ke3 h5 31. Nd4 h4 32. g4 Ne5 33. f4 Nc4+ 34. Bxc4
bxc4 35. Nc2 f6 36. Kd4 d5 37. exd5 Bxd5 38. Ne3 Kd6 39. Nxc4+ Bxc4 40. Kxc4 Kc6
41. a4 g5 42. b5+ axb5+ 43. axb5+ Kb6 44. fxg5 fxg5 45. Kd4 Kxb5 46. Ke5 Kc5 47.
Kxe6 Kd4 48. Kf5 Ke3 49. Kxg5 Kf3 50. Kxh4 {Black resigns} 1-0

[Event "Team 45 45 League T32"]
[Site "Internet Chess Club"]
[Date "2007.02.03"]
[Round "3"]
[White "alaskauk"]
[Black "steinitz"]
[Result "0-1"]
[WhiteElo "1486"]
[BlackElo "1523"]
[ECO "B84"]
[TimeControl "2700+45"]

1. e4 e6 2. d4 c5 3. Nf3 cxd4 4. Nxd4 Nf6 5. Nc3 d6 6. Be2 a6 7. O-O Be7 8. Re1
O-O 9. Bd3 b5 10. Qf3 Bb7 11. Qg3 Re8 12. Bg5 Nh5 13. Qg4 Bxg5 14. Qxh5 g6 15.
Qe2 Bf6 16. Nf3 Nc6 17. a3 Rc8 18. Rac1 Qb6 19. Qe3 Qxe3 20. Rxe3 Nd4 21. Nxd4
Bxd4 22. Re2 Bxc3 23. bxc3 Rxc3 24. Ra1 Rec8 25. f3 Kf8 26. Kf2 Ke7 27. Ree1
R8c5 28. Reb1 Bc6 29. Ra2 Kd7 30. Rbb2 Rh5 31. h3 f6 32. Rb3 Rxb3 33. cxb3 Rc5
34. Ke2 d5 35. b4 Rc1 36. Kd2 Rg1 37. Ke3 dxe4 38. Bxe4 Bxe4 39. Kxe4 Rd1 40.
Ke3 e5 41. a4 bxa4 42. Rxa4 Rd6 43. Ra5 h6 44. Ra3 Rb6 45. Kf2 Kc6 46. Ra5 Kb7
47. Rd5 Kc6 48. Ra5 h5 49. Ke3 Kb7 50. Rd5 Rxb4 51. Rd7+ Kc6 52. Ra7 Kb5 53.
Rb7+ Ka5 54. Rf7 Rb6 55. Rg7 g5 56. Rh7 h4 57. Rd7 Kb4 58. Rd3 a5 59. Kf2 a4 60.
Rd1 Ra6 61. Rb1+ Kc3 62. Rc1+ Kb2 63. Rc4 a3 64. Rb4+ Kc3 65. Rb8 a2 66. Rc8+
Kb4 67. Rb8+ Ka3 {White resigns} 0-1

[Event "Team 45 45 League T32"]
[Site "Internet Chess Club"]
[Date "2007.02.03"]
[Round "3"]
[White "Izeelden"]
[Black "pokerram"]
[Result "0-1"]
[WhiteElo "1651"]
[BlackElo "1713"]
[ECO "B50"]
[TimeControl "2700+45"]

1. e4 c5 2. Nf3 d6 3. c3 Nf6 4. Bb5+ Bd7 5. Bxd7+ Qxd7 6. d3 e6 7. O-O Be7 8. e5
dxe5 9. Nxe5 Qc7 10. d4 cxd4 11. cxd4 Nd5 12. Bf4 Nxf4 13. Qf3 O-O 14. Qxf4 Bd6
15. Qe3 Bxe5 16. dxe5 Nc6 17. f4 Rae8 18. Nc3 a6 19. Ne4 Nb4 20. Qg3 Qb6+ 21.
Kh1 Kh8 22. Rad1 Nd5 23. Rf3 Qxb2 24. Rf2 Qb6 25. h4 Ne3 26. Re1 Nf5 27. Qh3 h5
28. g4 hxg4 29. Qxg4 Nh6 30. Qh5 Qc6 31. Rg2 Rd8 32. Kh2 Qc4 33. Rxg7 Rd2+ 34.
Rg2 Rxg2+ 35. Kxg2 Rg8+ 36. Ng5 Rg6 37. Rf1 Kg7 38. Kh1 Qxf1+ 39. Kh2 Qxf4+ 40.
Kh3 Qf5+ 41. Kh2 Qxe5+ 42. Kg2 Qd5+ 43. Kh2 Qd2+ 44. Kg1 Qe3+ 45. Kh1 Qg3 46. a4
Qg4 47. Qxg4 Nxg4 48. Kg2 b5 49. axb5 axb5 50. Kf3 Ne5+ 51. Ke4 Nc6 52. Kd3 b4
53. Kc2 Rxg5 54. hxg5 Kg6 55. Kd3 Kxg5 56. Ke3 f5 57. Kd3 f4 {White resigns} 0-1

[Event "Team 45 45 League T32"]
[Site "Internet Chess Club"]
[Date "2007.02.04"]
[Round "3"]
[White "Lionskins"]
[Black "Jozin"]
[Result "1-0"]
[WhiteElo "1583"]
[BlackElo "1594"]
[ECO "A00"]
[TimeControl "2700+45"]

1. b4 d5 2. Bb2 e6 3. e3 Nf6 4. a3 c5 5. b5 Bd6 6. c4 O-O 7. Nf3 a6 8. Qa4 Bd7
9. cxd5 exd5 10. h3 c4 11. Nc3 Qb6 12. Qc2 axb5 13. Ng5 Be5 14. Nxd5 Bxb2 15.
Nxf6+ {Black resigns} 1-0

[Event "Team 45 45 League T32"]
[Site "Internet Chess Club"]
[Date "2007.02.03"]
[Round "3"]
[White "Bookkeeper"]
[Black "EddieAdams"]
[Result "0-1"]
[WhiteElo "1460"]
[BlackElo "1566"]
[ECO "C77"]
[TimeControl "2700+45"]

1. e4 e5 2. Nf3 Nc6 3. Bb5 a6 4. Ba4 Nf6 5. d3 b5 6. Bb3 Bc5 7. O-O d6 8. c3 Bb6
9. h3 Bb7 10. Bg5 O-O 11. Re1 Nb8 12. Nh4 h6 13. Bd2 Nxe4 14. dxe4 Qxh4 15. Qf3
Kh8 16. Bc1 Nd7 17. Nd2 f5 18. Qe2 fxe4 19. Nxe4 Bxe4 20. Be6 Rxf2 {White
resigns} 0-1

[Event "Team 45 45 League T32"]
[Site "Internet Chess Club"]
[Date "2007.02.03"]
[Round "3"]
[White "jonesey"]
[Black "searchforbobby1"]
[Result "0-1"]
[WhiteElo "2001"]
[BlackElo "2111"]
[ECO "B38"]
[TimeControl "2700+45"]

1. e4 c5 2. c4 Nc6 3. Ne2 g6 4. d4 cxd4 5. Nxd4 Bg7 6. Be3 Nf6 7. Nc3 O-O 8. Be2
Nxd4 9. Bxd4 d6 10. O-O Bd7 11. e5 dxe5 12. Bxe5 Bc6 13. Qxd8 Rfxd8 14. Rfd1 e6
15. Kf1 Ne4 16. Bxg7 Kxg7 17. Nxe4 Bxe4 18. Rxd8 Rxd8 19. Rd1 Rxd1+ 20. Bxd1 Kf6
21. g3 Ke5 22. Ba4 Bd3+ 23. Ke1 Bxc4 24. a3 Kd4 25. Kd2 e5 26. h4 f5 27. Be8 f4
28. gxf4 exf4 29. Ba4 h6 30. Bd1 Be6 31. Bf3 b6 32. Be2 g5 33. hxg5 hxg5 34. f3
a5 35. Bd1 Bc4 36. Bc2 b5 37. Bd1 b4 38. axb4 axb4 39. Bc2 Bd5 40. Ke2 Be6 41.
Kf2 g4 42. fxg4 Bxg4 43. Bg6 Bd1 44. Bf5 Kc4 45. Ke1 Ba4 46. Kd2 Bc6 47. Bc2 Kd4
48. Ke2 Be4 49. Bd1 Bd5 50. Bc2 f3+ 51. Kd2 Bc4 {White resigns} 0-1

[Event "Team 45 45 League T32"]
[Site "Internet Chess Club"]
[Date "2007.02.04"]
[Round "3"]
[White "SpikeyJ"]
[Black "six-killer"]
[Result "1-0"]
[WhiteElo "2044"]
[BlackElo "1726"]
[ECO "A20"]
[TimeControl "2700+45"]

1. c4 e5 2. g3 Nf6 3. Bg2 c6 4. d4 e4 5. Nc3 Bb4 6. Qb3 Bxc3+ 7. bxc3 h6 8. c5
O-O 9. Bf4 Re8 10. Bd6 b6 11. Nh3 bxc5 12. dxc5 Na6 13. a4 Qa5 14. Qc4 Nc7 15.
Qb4 Qxb4 16. cxb4 Ncd5 17. b5 Nc3 18. Ra3 Nfd5 19. Kd2 cxb5 20. Rxc3 Nxc3 21.
Kxc3 bxa4 22. Ra1 Ba6 23. Nf4 Bb5 24. Nd5 Bxe2 25. Nc7 Rac8 26. Nxe8 Rxe8 27.
Kd4 f5 28. Rxa4 Bb5 29. Rxa7 Bc6 30. Bh3 g5 31. Bxf5 {Black resigns} 1-0

[Event "Team 45 45 League T32"]
[Site "Internet Chess Club"]
[Date "2007.02.06"]
[Round "3"]
[White "PublisherKing"]
[Black "JimGrange"]
[Result "0-1"]
[WhiteElo "1767"]
[BlackElo "1890"]
[ECO "E21"]
[TimeControl "2700+45"]

1. Nf3 Nf6 2. c4 e6 3. d4 Bb4+ 4. Nc3 b6 5. a3 Bxc3+ 6. bxc3 Bb7 7. e3 O-O 8.
Be2 d6 9. O-O Nbd7 10. Nd2 e5 11. f3 Qe7 12. e4 Nh5 13. Nb3 g6 14. Be3 Ng7 15.
Qd2 f5 16. Bg5 Qe8 17. d5 a5 18. Bd3 a4 19. Nc1 f4 20. Be2 Nc5 21. Rb1 Nh5 22.
Nd3 Nb3 23. Qc2 Nf6 24. Nc1 Nc5 25. Nd3 Nfd7 26. Nb4 Nb3 27. Nd3 Ba6 28. Nb2
Ndc5 29. Rfd1 Qf7 30. Nxa4 Nxa4 31. Qxb3 Nc5 32. Qb2 Kg7 33. Ra1 Bc8 34. Rdb1
Bd7 35. Bf1 h6 36. Bh4 g5 37. Bf2 Rfb8 38. Be2 h5 39. Qc2 Kf6 40. Bxc5 dxc5 41.
Bd1 g4 42. Qd2 Ke7 43. a4 Ra5 44. Qf2 Qf6 45. Ra2 Rba8 46. Rd2 Kd6 47. Bc2 Qg5
48. Qe2 h4 49. Bd1 g3 50. h3 Bxa4 51. Bxa4 Rxa4 52. Qd3 Qd8 53. Rdd1 R8a7 54.
Kf1 Qa8 55. Rbc1 R7a5 56. Rb1 Ra3 57. Rdc1 Qa6 58. Re1 Ra2 59. Kg1 Rf2 60. Rf1
Raa2 61. Rxf2 Rxf2 62. Rf1 Qa2 {White resigns} 0-1

[Event "Team 45 45 League T32"]
[Site "Internet Chess Club"]
[Date "2007.02.02"]
[Round "3"]
[White "NotSoGreat"]
[Black "Phosphorus"]
[Result "1-0"]
[WhiteElo "2336"]
[BlackElo "2117"]
[ECO "B23"]
[TimeControl "2700+45"]

1. e4 c5 2. Nc3 Nc6 3. f4 g6 4. Nf3 Bg7 5. g3 e6 6. Bg2 Nge7 7. O-O d6 8. d3 O-O
9. Be3 Nd4 10. e5 Nef5 11. Bf2 Nxf3+ 12. Qxf3 Nd4 13. Qd1 dxe5 14. fxe5 Bxe5 15.
Na4 Bd7 16. c3 Bxa4 17. Qxa4 Ne2+ 18. Kh1 Qxd3 19. Rad1 Qf5 20. Qc4 Qh5 21. Rd3
Rad8 22. Bf3 Nxg3+ 23. Bxg3 Qf5 24. Rxd8 Rxd8 25. Bxb7 Qg5 {Black resigns} 1-0

[Event "Team 45 45 League T32"]
[Site "Internet Chess Club"]
[Date "2007.02.05"]
[Round "3"]
[White "jayes"]
[Black "KingWhacker"]
[Result "1-0"]
[WhiteElo "1965"]
[BlackElo "1898"]
[ECO "B91"]
[TimeControl "2700+45"]

1. e4 c5 2. Nf3 d6 3. d4 cxd4 4. Nxd4 Nf6 5. Nc3 a6 6. g3 e5 7. Nde2 Nbd7 8. a4
b6 9. Bg2 Bb7 10. h3 Rc8 11. g4 Nc5 12. Ng3 g6 13. O-O Ne6 14. Nd5 Bg7 15. c3
O-O 16. Ne2 Re8 17. Be3 Nd7 18. Qd2 Nec5 19. Qc2 h6 20. Rad1 Nf6 21. b4 Nxd5 22.
exd5 Nd7 23. Be4 Qh4 24. Kg2 Kh8 25. Ng3 Nf8 26. Bxb6 Rc4 27. Qd3 Rec8 28. Rc1
Nd7 29. Be3 Qd8 30. a5 Nf6 31. Bb6 Qd7 32. f3 Qb5 33. Rfd1 Qa4 34. Rd2 Rxb4 35.
Ra1 Qxa1 36. cxb4 Qc3 37. b5 axb5 38. Ne2 Qc4 39. Qxc4 Rxc4 40. Bd3 Rb4 41. Nc3
Nxd5 42. Nxd5 Bxd5 43. a6 Bf8 44. a7 Bb7 45. Be4 Bxe4 46. fxe4 Ra4 47. Rc2 b4
48. Rc8 b3 49. Rxf8+ Kg7 50. Rb8 b2 51. Bf2 Ra2 52. Rxb2 Rxb2 53. a8=Q Rd2 54.
h4 Rd3 55. g5 h5 56. Qd8 Rd2 57. Qf6+ Kg8 58. Kf3 d5 59. Qxe5 dxe4+ 60. Qxe4 Rd8
61. Bd4 Kf8 62. Bf6 Re8 63. Bg7+ Kxg7 64. Qxe8 Kh7 65. Qxf7+ Kh8 66. Qf8+ Kh7
67. Qh6+ Kg8 68. Qxg6+ Kh8 69. Qxh5+ Kg8 70. Qg6+ Kh8 71. Qf5 Kg8 72. h5 Kh8 73.
Qd7 Kg8 74. h6 Kf8 75. g6 Kg8 76. h7+ Kh8 77. Qe8+ Kg7 78. Kf4 Kf6 79. Qf7#
{Black checkmated} 1-0

[Event "Team 45 45 League T32"]
[Site "Internet Chess Club"]
[Date "2007.02.03"]
[Round "3"]
[White "The-Rookie"]
[Black "martineden"]
[Result "0-1"]
[WhiteElo "1934"]
[BlackElo "1961"]
[ECO "D05"]
[TimeControl "2700+45"]

1. d4 d5 2. Nf3 Nf6 3. e3 e6 4. Bd3 c5 5. O-O Nbd7 6. Nbd2 Bd6 7. b3 cxd4 8.
exd4 O-O 9. Bb2 a6 10. Ne5 Qc7 11. f4 g6 12. Rf3 Nh5 13. Qf1 b5 14. Rh3 f6 15.
Nxd7 Bxd7 16. Rxh5 gxh5 17. g3 e5 18. Qg2 e4 19. Bf1 Qxc2 20. Nb1 Qxg2+ 21. Bxg2
Rac8 22. Nc3 Be6 23. Bf1 b4 24. Na4 a5 25. Ba6 Rc6 26. Bb7 Rc7 27. Ba6 h4 28. a3
hxg3 29. hxg3 Rc2 30. axb4 Bxb4 31. Ba3 Bxa3 32. Rxa3 Ra8 33. Bb5 Rb8 34. Ba6
Rb4 35. Nc5 Bh3 36. Ra4 Rxa4 37. bxa4 Rg2+ 38. Kh1 Rxg3 39. Bb7 e3 40. Bxd5+ Kh8
41. Bc4 Rg2 42. Nd3 Rd2 43. Ne1 Rd1 44. Kh2 Rxe1 45. Kxh3 Ra1 46. Kg3 Rxa4 47.
Be6 Rxd4 {White resigns} 0-1

[Event "Team 45 45 League T32"]
[Site "Internet Chess Club"]
[Date "2007.02.02"]
[Round "3"]
[White "JohnnySP"]
[Black "TheObliterator"]
[Result "1-0"]
[WhiteElo "1902"]
[BlackElo "1648"]
[ECO "B76"]
[TimeControl "2700+45"]

1. e4 c5 2. Nf3 d6 3. d4 cxd4 4. Nxd4 Nf6 5. Nc3 g6 6. Be3 Bg7 7. f3 O-O 8. Qd2
Nc6 9. O-O-O Bd7 10. g4 Qa5 11. Kb1 Rfc8 12. Nb3 Qd8 13. h4 Ne5 14. Qf2 Nexg4
15. fxg4 Rxc3 16. bxc3 Nxe4 17. Qe1 Nxc3+ 18. Kc1 Nxa2+ 19. Kb1 Nc3+ 20. Kc1
Nxd1 21. Qxd1 Ba4 22. Bd4 Bxb3 23. cxb3 Rc8+ 24. Kb1 Qa5 25. Bxg7 Kxg7 26. Qd4+
e5 27. Qb2 Qe1+ 28. Ka2 Qe4 29. Rh2 Qxg4 30. Bh3 Qxh4 31. Bxc8 Qe7 32. Qc3 b6
33. Ba6 Qg5 34. Bc4 Qf4 35. Qb2 f5 36. Rf2 Qg3 37. Re2 Kf6 38. Qa3 e4 39. Qxa7
h5 40. Qf7+ Kg5 41. Qe7+ Kg4 42. Qf6 g5 43. Rd2 f4 44. Qe6+ Kh4 45. Qxe4 g4 46.
Qe7+ Kh3 47. Bf1+ {Black resigns} 1-0

[Event "Team 45 45 League T32"]
[Site "Internet Chess Club"]
[Date "2007.02.08"]
[Round "3"]
[White "juanhernandez"]
[Black "SeanT"]
[Result "1-0"]
[WhiteElo "1431"]
[BlackElo "1427"]
[ECO "D06"]
[TimeControl "2700+45"]

1. d4 d5 2. c4 Nf6 3. e3 c6 4. Nc3 g6 5. Nf3 Bg7 6. cxd5 cxd5 7. Bb5+ Bd7 8.
Bxd7+ Nbxd7 9. Qb3 Nb6 10. O-O O-O 11. Bd2 e6 12. Qc2 Rc8 13. Qd1 Re8 14. Rc1 a6
15. b3 Nbd7 16. Re1 b5 17. a4 b4 18. Ne2 a5 19. Rxc8 Qxc8 20. Qc1 Ne4 21. Qxc8
Rxc8 22. Rc1 Nb6 23. Rxc8+ Nxc8 24. Bc1 Ncd6 25. Nd2 f5 26. Nxe4 Nxe4 27. f3 Nc3
28. Nxc3 bxc3 29. Kf1 e5 30. dxe5 Bxe5 31. f4 Bg7 32. Ke2 Kf7 33. Kd3 Ke6 34.
Ba3 Kd7 35. Bc5 Kc6 36. Be7 Kb6 37. Bd8+ Kc5 38. Bxa5 d4 39. exd4+ Bxd4 40. Bxc3
Bg1 41. h3 Bh2 42. Be5 Kb4 43. Kc2 g5 44. Bc3+ Kc5 45. fxg5 {Black resigns} 1-0